NWL (28 & UNDER)
BISMARK BORDER GUARDS @ MOOSE JAW GHOSTBUSTERS
09/08/2027
 
TOP OF THE 1ST
Bismark Border Guards batting - Pitching for Moose Jaw Ghostbusters : RHP Ernesto Mendoza
Pitching: RHP Ernesto Mendoza
Batting: RHB Alfredo Farías 0-0: Swinging Strike
0-1: Foul Ball, location: 2F
0-2: Foul Ball, location: 2F
0-2: Strikes out swinging
Batting: RHB Enrique Soto 0-0: Called Strike
0-1: Foul Ball, location: 2F
0-2: Fly out, F8 (Line Drive, 8LXD)
Batting: SHB Vicente Pagán 0-0: Ball
1-0: Ground out U3 (Groundball, 3)
Top of the 1st over - 0 run(s), 0 hit(s), 0 error(s), 0 left on base; Bismark 0 - Moose Jaw 0
BOTTOM OF THE 1ST
Moose Jaw Ghostbusters batting - Pitching for Bismark Border Guards : RHP Paul Pothecary
Pitching: RHP Paul Pothecary
Batting: SHB Carlos Córdova 0-0: Ball
1-0: Ball
2-0: Ball
3-0: Called Strike
3-1: Base on Balls
Batting: RHB Manuel Pérez 0-0: Called Strike
Carlos Córdova steals 2nd base
0-1: Ball
1-1: Swinging Strike
1-2: Ball
2-2: Ball
3-2: Ground out 6-3 (Groundball, 6)
Carlos Córdova to third
Batting: RHB John Major 0-0: Swinging Strike
0-1: Called Strike
0-2: Ball
1-2: Strikes out swinging
Batting: RHB Billy Mullins 0-0: Ball
1-0: Ball
2-0: DOUBLE (Line Drive, 7D)
Carlos Córdova scores
Batting: LHB Will Vale 0-0: Ground out U3 (Groundball, 34)
Bottom of the 1st over - 1 run(s), 1 hit(s), 0 error(s), 1 left on base; Bismark 0 - Moose Jaw 1
TOP OF THE 2ND
Bismark Border Guards batting - Pitching for Moose Jaw Ghostbusters : RHP Ernesto Mendoza
Batting: RHB Tony Hernández 0-0: Ball
1-0: Called Strike
1-1: Ball
2-1: Ball
3-1: Fly out, F8 (Flyball, 8RD)
Batting: RHB Jacob Hill 0-0: Ball
1-0: Foul Ball, location: 2F
1-1: Foul Ball, location: 2F
1-2: Strikes out swinging
Batting: SHB Júlio Romano 0-0: Foul Ball, location: 2F
0-1: Ball
1-1: Foul Ball, location: 2F
1-2: Foul Ball, location: 2F
1-2: Strikes out swinging
Top of the 2nd over - 0 run(s), 0 hit(s), 0 error(s), 0 left on base; Bismark 0 - Moose Jaw 1
BOTTOM OF THE 2ND
Moose Jaw Ghostbusters batting - Pitching for Bismark Border Guards : RHP Paul Pothecary
Batting: RHB Juan Vázquez 0-0: Ball
1-0: Called Strike
1-1: Reached on error, E5 (Groundball, 56S)
Batting: SHB Martín Cruz 0-0: Ground out 4-3 (Groundball, 4)
Juan Vázquez to third
Batting: RHB Don Turner 0-0: Ground out 6-3 (Groundball, 6S)
Juan Vázquez scores
Batting: RHB Andrew Weatherly 0-0: Foul Ball, location: 2F
0-1: Ball
1-1: Swinging Strike
1-2: Strikes out swinging
Bottom of the 2nd over - 1 run(s), 0 hit(s), 1 error(s), 0 left on base; Bismark 0 - Moose Jaw 2
TOP OF THE 3RD
Bismark Border Guards batting - Pitching for Moose Jaw Ghostbusters : RHP Ernesto Mendoza
Batting: RHB Reynaldo Slomp 0-0: Swinging Strike
0-1: Foul Ball, location: 2F
0-2: Ball
1-2: Foul Ball, location: 2F
1-2: Ball
2-2: Ball
3-2: Ground out 4-3 (Groundball, 34)
Batting: RHB José Vidal 0-0: Ground out 3-1 (Groundball, 34)
Batting: RHB António Martínez 0-0: Fly out, F8 (Line Drive, 8RS)
Top of the 3rd over - 0 run(s), 0 hit(s), 0 error(s), 0 left on base; Bismark 0 - Moose Jaw 2
BOTTOM OF THE 3RD
Moose Jaw Ghostbusters batting - Pitching for Bismark Border Guards : RHP Paul Pothecary
Batting: SHB Carlos Córdova 0-0: Ball
1-0: Ball
2-0: Ball
3-0: Called Strike
3-1: Foul Ball, location: 2F
3-2: Base on Balls
Batting: RHB Manuel Pérez 0-0: Ball
1-0: Foul Ball, location: 2F
1-1: Ball
2-1: Called Strike
2-2: Ball
3-2: Foul Ball, location: 2F
3-2: Strikes out swinging
Batting: RHB John Major 0-0: Grounds into double play, 6-4-3 (Groundball, 6)
Bottom of the 3rd over - 0 run(s), 0 hit(s), 0 error(s), 0 left on base; Bismark 0 - Moose Jaw 2
TOP OF THE 4TH
Bismark Border Guards batting - Pitching for Moose Jaw Ghostbusters : RHP Ernesto Mendoza
Batting: RHB Alfredo Farías 0-0: SINGLE (Groundball, 25) (infield hit)
Batting: RHB Enrique Soto 0-0: Ball
1-0: Called Strike
Alfredo Farías steals 2nd base
1-1: Ball
2-1: Called Strike
2-2: Ball
3-2: Strikes out looking
Batting: SHB Vicente Pagán 0-0: Ball
Alfredo Farías is caught stealing 3rd base
1-0: Ball
2-0: Ball
3-0: Called Strike
3-1: Swinging Strike
3-2: Base on Balls
Batting: RHB Tony Hernández 0-0: Ball
Vicente Pagán is caught stealing 2nd base
Top of the 4th over - 0 run(s), 1 hit(s), 0 error(s), 0 left on base; Bismark 0 - Moose Jaw 2
BOTTOM OF THE 4TH
Moose Jaw Ghostbusters batting - Pitching for Bismark Border Guards : RHP Paul Pothecary
Batting: RHB Billy Mullins 0-0: Called Strike
0-1: Foul Ball, location: 2F
0-2: SINGLE (Line Drive, 4M)
Batting: LHB Will Vale 0-0: Ball
1-0: Ball
Billy Mullins is caught stealing 2nd base
2-0: Ball
3-0: DOUBLE (Line Drive, 8LD)
Batting: RHB Juan Vázquez 0-0: Foul Ball, location: 2F
0-1: Swinging Strike
0-2: Ball
1-2: Strikes out swinging
Batting: SHB Martín Cruz 0-0: Ball
1-0: Ball
2-0: Called Strike
2-1: Ball
3-1: Called Strike
3-2: Strikes out swinging
Bottom of the 4th over - 0 run(s), 2 hit(s), 0 error(s), 1 left on base; Bismark 0 - Moose Jaw 2
TOP OF THE 5TH
Bismark Border Guards batting - Pitching for Moose Jaw Ghostbusters : RHP Ernesto Mendoza
Batting: RHB Tony Hernández 0-0: Ball
1-0: Ball
2-0: Ball
3-0: Base on Balls
Batting: RHB Jacob Hill 0-0: Called Strike
0-1: Ball
1-1: Ball
2-1: Foul Ball, location: 2F
2-2: Ball
3-2: Fly out, F7 (Flyball, 7LM)
Lined into DP, 7-3 (Flyball, 7LM)
Batting: SHB Júlio Romano 0-0: Ball
1-0: Ball
2-0: Foul Ball, location: 2F
2-1: Called Strike
2-2: Ground out 4-3 (Groundball, 34D)
Top of the 5th over - 0 run(s), 0 hit(s), 0 error(s), 0 left on base; Bismark 0 - Moose Jaw 2
BOTTOM OF THE 5TH
Moose Jaw Ghostbusters batting - Pitching for Bismark Border Guards : RHP Paul Pothecary
Batting: RHB Don Turner 0-0: SINGLE (Groundball, 34D)
Batting: RHB Andrew Weatherly 0-0: Called Strike
0-1: Ball
1-1: Ball
2-1: Swinging Strike
2-2: Foul Ball, location: 2F
2-2: Foul Ball, location: 2F
2-2: Ball
3-2: Base on Balls
Don Turner to second
Batting: SHB Carlos Córdova 0-0: Ball
1-0: Ball
2-0: Ball
3-0: Base on Balls
Don Turner to third
Andrew Weatherly to second
Batting: RHB Manuel Pérez 0-0: Ball
1-0: Fly out, F7 (Flyball, 78S)
Runner from 3rd tags up, SCORES, throw made
Batting: RHB John Major 0-0: Ball
1-0: Ball
2-0: Foul Ball, location: 2F
2-1: Called Strike
2-2: Foul Ball, location: 2F
2-2: Ball
3-2: 3-RUN HOME RUN (Flyball, 8LXD), Distance : 411 ft
Pitching: LHP Bartolomeo Balsamo
Batting: RHB Billy Mullins 0-0: Fly out, F2 (Popup, 3S)
Batting: LHB Will Vale 0-0: Fly out, F5 (Line Drive, 56)
Bottom of the 5th over - 4 run(s), 2 hit(s), 0 error(s), 0 left on base; Bismark 0 - Moose Jaw 6
TOP OF THE 6TH
Bismark Border Guards batting - Pitching for Moose Jaw Ghostbusters : RHP Ernesto Mendoza
Batting: RHB Reynaldo Slomp 0-0: Called Strike
0-1: Ball
1-1: Ball
2-1: Fly out, F7 (Flyball, 78S)
Batting: RHB José Vidal 0-0: Ground out 5-3 (Groundball, 56)
Batting: RHB António Martínez 0-0: Ball
1-0: Swinging Strike
1-1: Ball
2-1: Foul Ball, location: 2F
2-2: Ball
3-2: Strikes out swinging
Top of the 6th over - 0 run(s), 0 hit(s), 0 error(s), 0 left on base; Bismark 0 - Moose Jaw 6
BOTTOM OF THE 6TH
Moose Jaw Ghostbusters batting - Pitching for Bismark Border Guards : LHP Bartolomeo Balsamo
Batting: RHB Juan Vázquez 0-0: Ball
1-0: Ball
2-0: Foul Ball, location: 2F
2-1: Reached on error, E5 (Groundball, 56)
Batting: SHB Martín Cruz 0-0: Called Strike
0-1: Foul Ball, location: 2F
0-2: Ground out 4-3 (Groundball, 4)
Juan Vázquez to second
Batting: RHB Don Turner 0-0: Ball
1-0: Swinging Strike
1-1: Ball
2-1: Ball
3-1: Called Strike
3-2: Foul Ball, location: 2F
3-2: SINGLE (Line Drive, 8LS)
Juan Vázquez to third
Batting: RHB Andrew Weatherly 0-0: Fly out, F8 (Flyball, 8RXD)
Runner from 3rd tags up, SCORES, no throw
Batting: SHB Carlos Córdova 0-0: Ball
1-0: Ball
2-0: Ball
3-0: Called Strike
3-1: Base on Balls
Don Turner to second
Batting: RHB Manuel Pérez 0-0: Ball
1-0: Ball
2-0: Ball
3-0: Base on Balls
Don Turner to third
Carlos Córdova to second
Batting: RHB John Major 0-0: Foul Ball, location: 2F
0-1: Ball
1-1: Fly out, F9 (Flyball, 9S)
Bottom of the 6th over - 1 run(s), 1 hit(s), 1 error(s), 3 left on base; Bismark 0 - Moose Jaw 7
TOP OF THE 7TH
Bismark Border Guards batting - Pitching for Moose Jaw Ghostbusters : RHP Ernesto Mendoza
Batting: RHB Alfredo Farías 0-0: Ball
1-0: Called Strike
1-1: Called Strike
1-2: Foul Ball, location: 2F
1-2: Foul Ball, location: 2F
1-2: Ball
2-2: Strikes out swinging
Batting: RHB Enrique Soto 0-0: Called Strike
0-1: Fly out, F8 (Flyball, 8LM)
Batting: SHB Vicente Pagán 0-0: Ball
1-0: Foul Ball, location: 2F
1-1: Swinging Strike
1-2: Ball
2-2: Ground out 4-3 (Groundball, 4)
Top of the 7th over - 0 run(s), 0 hit(s), 0 error(s), 0 left on base; Bismark 0 - Moose Jaw 7
BOTTOM OF THE 7TH
Moose Jaw Ghostbusters batting - Pitching for Bismark Border Guards : LHP Bartolomeo Balsamo
Batting: RHB Billy Mullins 0-0: Swinging Strike
0-1: SINGLE (Line Drive, 6M)
Pitching: RHP Steve Benson
Batting: LHB Will Vale 0-0: Called Strike
0-1: Fly out, F7 (Line Drive, 7S)
Batting: RHB Juan Vázquez 0-0: Swinging Strike
0-1: 2-RUN HOME RUN (Flyball, 89D), Distance : 388 ft
Batting: SHB Martín Cruz 0-0: Ball
1-0: Ball
2-0: Ball
3-0: Called Strike
3-1: Base on Balls
Batting: RHB Don Turner 0-0: Called Strike
0-1: Ball
1-1: Ball
2-1: Foul Ball, location: 2F
2-2: Grounds into double play, 5-4-3 (Groundball, 5L)
Bottom of the 7th over - 2 run(s), 2 hit(s), 0 error(s), 0 left on base; Bismark 0 - Moose Jaw 9
TOP OF THE 8TH
Bismark Border Guards batting - Pitching for Moose Jaw Ghostbusters : RHP Ernesto Mendoza
Batting: RHB Tony Hernández 0-0: Fly out, F8 (Flyball, 8RM)
Batting: RHB Jacob Hill 0-0: Ball
1-0: Ground out 5-3 (Groundball, 56)
Batting: SHB Júlio Romano 0-0: Ball
1-0: Ground out 6-3 (Groundball, 4M)
Top of the 8th over - 0 run(s), 0 hit(s), 0 error(s), 0 left on base; Bismark 0 - Moose Jaw 9
BOTTOM OF THE 8TH
Moose Jaw Ghostbusters batting - Pitching for Bismark Border Guards : RHP Steve Benson
Batting: RHB Andrew Weatherly 0-0: Ground out 5-3 (Groundball, 5S)
Batting: SHB Carlos Córdova 0-0: SINGLE (Groundball, 4MS) (infield hit)
Batting: RHB Manuel Pérez 0-0: Ball
1-0: SINGLE (Line Drive, 6MD)
Carlos Córdova to second
Batting: RHB John Major 0-0: Called Strike
0-1: Ball
1-1: Swinging Strike
1-2: Foul Ball, location: 2F
1-2: Strikes out swinging
Batting: RHB Billy Mullins 0-0: Called Strike
Manuel Pérez is caught stealing 2nd base
Bottom of the 8th over - 0 run(s), 2 hit(s), 0 error(s), 0 left on base; Bismark 0 - Moose Jaw 9
TOP OF THE 9TH
Bismark Border Guards batting - Pitching for Moose Jaw Ghostbusters : RHP Ernesto Mendoza
Pitching: RHP Whit Johnson
Batting: RHB Reynaldo Slomp 0-0: Called Strike
0-1: Ball
1-1: Swinging Strike
1-2: Foul Ball, location: 2F
1-2: Foul Ball, location: 2F
1-2: SINGLE (Groundball, 4MD)
Batting: RHB José Vidal 0-0: Ball
1-0: Called Strike
1-1: Called Strike
1-2: Strikes out swinging
Batting: RHB António Martínez 0-0: Foul Ball, location: 2F
0-1: SINGLE (Groundball, 56D)
Reynaldo Slomp to second
Batting: RHB Alfredo Farías 0-0: Foul Ball, location: 2F
0-1: Called Strike
0-2: Strikes out looking
Batting: RHB Enrique Soto 0-0: Called Strike
0-1: SINGLE (Line Drive, 8LS)
Reynaldo Slomp to third
António Martínez to second
Batting: SHB Vicente Pagán 0-0: Called Strike
0-1: Ball
1-1: Ball
2-1: Ball
3-1: Called Strike
3-2: Foul Ball, location: 2F
3-2: Strikes out swinging
Top of the 9th over - 0 run(s), 3 hit(s), 0 error(s), 3 left on base; Bismark 0 - Moose Jaw 9
Thursday, March 30th, 2017 - OOTP Baseball 17.12 Build 75